[Event "*** SCC Grand Prix: Titled Tuesday Blitz"]
[Site "Chess.com"]
[Date "2020.06.02"]
[Round "5"]
[White "Igor_Lysyj"]
[Black "novendrapriasmoro"]
[Result "0-1"]
[WhiteElo "2757"]
[BlackElo "2605"]
[TimeControl "180+1"]
[EndTime "10:58:18 PDT"]
[Termination "novendrapriasmoro won by resignation"]

1. d4 Nf6 2. c4 g6 3. Nc3 Bg7 4.
e4 d6 5. Nf3 O-O 6. Be2 Na6 7.
O-O e5 8. Be3 c6 9. dxe5 dxe5 10. Qxd8 Rxd8 11. h3 Be6 12. Rfd1 Nd7 13. Rd2 Ndc5 14.
Rad1 Rxd2 15. Rxd2 f6 16. b3 Bf8 17. Ne1 Nd7 18.
Nc2 Nb4 19. Na4 Nxa2 20. Rd1 Nb4 21. Nxb4 Bxb4 22. Bg4 f5 23. exf5 gxf5 24. Be2 f4 25. Bc1 Kf7 26. Bb2 Ke7 27. Bg4 Bxg4 28. hxg4 Ke6 29.
Bc3 a5 30. Bxb4 axb4 31. Rxd7 Rxa4 32. Rxb7 Ra1+ 33. Kh2 e4 34. Rxb4 e3 35. fxe3 fxe3 36. c5 Kd5 0-1

[Event "*** SCC Grand Prix: Titled Tuesday Blitz"]
[Site "Chess.com"]
[Date "2020.06.02"]
[Round "5"]
[White "Eliwood44"]
[Black "abfchess"]
[Result "0-1"]
[WhiteElo "2315"]
[BlackElo "2105"]
[TimeControl "180+1"]
[EndTime "10:58:19 PDT"]
[Termination "abfchess won by checkmate"]

1. d4 d5 2. Nf3 c6 3. c4 e6 4. Qc2 Nf6 5. Nbd2 Bb4 6. a3 Bxd2+ 7. Bxd2 O-O 8. g3 Ne4 9. Bg2 f5 10. O-O Nd7 11. Bf4 Qe7 12. h4 h6 13. Ne5 Nxe5 14. dxe5 g5 15. hxg5 hxg5 16. Be3 f4 17. Bxe4 fxe3 18.
Bf3 Qg7 19. Qc3 exf2+ 20. Rxf2 Bd7 21. Raf1 g4 22. Bg2 Rxf2 23. Rxf2 Rf8 24. Rf4 Rxf4 25. gxf4 Qg6 26. e4 dxe4 27. Qd4 e3 28. Qxd7 Qb1+ 29. Kh2 e2 30. Qxe6+ Kf8 31. Qf6+ Ke8 32. Qh8+ Ke7 33.
Qg7+ Ke8 34. e6 g3+ 35. Qxg3 Qh7+ 36. Bh3 Qb1 37. Qg8+ Ke7 38. Qf7+ Kd6 39. e7 e1=Q 40.
e8=Q Qg1# 0-1

[Event "*** SCC Grand Prix: Titled Tuesday Blitz"]
[Site "Chess.com"]
[Date "2020.06.02"]
[Round "5"]
[White "jlandaw"]
[Black "FightingChess"]
[Result "1-0"]
[WhiteElo "2526"]
[BlackElo "2365"]
[TimeControl "180+1"]
[EndTime "10:58:20 PDT"]
[Termination "jlandaw won on time"]

1. e4 e6 2. d4 d5 3. e5 c5 4. c3 Qb6 5. Nf3 Nc6 6. Bd3 cxd4 7. cxd4 Bd7 8. O-O Nxd4 9. Nxd4 Qxd4 10. Nc3 a6 11. Qe2 Ne7 12. Kh1 Nc6 13. f4 Nb4 14. Rd1 Bc5 15. Bxa6 Qf2 16. Qxf2 Bxf2 17. Be2 Bc6 18.
a3 d4 19. Nb5 Nc2 20. Nd6+ Ke7 21. Rb1 h5 22. Bd2 h4 23. h3 Ne3 24. Bxe3 dxe3 25. Rd4 f6 26. Rc1 Rad8 27. Rc2 g5 28. Rb4 Rd7 29. Nc4 gxf4 30. exf6+ Kxf6 31. Na5 Bd5 32. Rxf4+ Ke7 33. Rg4 b6 34. Nc6+ 1-0

[Event "*** SCC Grand Prix: Titled Tuesday Blitz"]
[Site "Chess.com"]
[Date "2020.06.02"]
[Round "5"]
[White "AndrewMaco"]
[Black "Sychev_Klementy"]
[Result "1-0"]
[WhiteElo "2643"]
[BlackElo "2836"]
[TimeControl "180+1"]
[EndTime "10:58:21 PDT"]
[Termination "AndrewMaco won by resignation"]

1. e4 e5 2. Nf3 Nc6 3. Bb5 a6 4. Ba4 b5 5. Bb3 Na5 6. O-O d6 7. d4 exd4 8. Nxd4 Bb7 9. Bd2 Nxb3 10. Nxb3 Rb8 11. Re1 Nf6 12. e5 dxe5 13. Rxe5+ Be7 14. Qe2 Kf8 15. a3 Nd5 16. Nc3 Bf6 17. Rf5 Qe7 18. Re1 Qxe2 19. Rxe2 Nxc3 20. Bxc3 Bxc3 21. bxc3 Re8 22.
Rfe5 Rd8 23. f3 g6 24. Re7 Kg7 25. Rxc7 Bd5 26. Nd4 Rc8 27. Ree7 Kf6 28. Kf2 Rhe8 29. Red7 Rxc7 30. Rxc7 Rd8 31. h4 Rd6 32. Ke3 h5 33.
Kf4 Ba2 34. g4 hxg4 35. fxg4 Bd5 36. g5+ Kg7 37. Ke5 Rd8 38. Ra7 Bg2 39. Ne6+ 1-0

[Event "*** SCC Grand Prix: Titled Tuesday Blitz"]
[Site "Chess.com"]
[Date "2020.06.02"]
[Round "5"]
[White "Indianlad"]
[Black "AlexSuv"]
[Result "1-0"]
[WhiteElo "3021"]
[BlackElo "2639"]
[TimeControl "180+1"]
[EndTime "10:58:21 PDT"]
[Termination "Indianlad won by resignation"]

1. d4 Nf6 2. c4 e6 3. Nf3 d5 4. Nc3 Bb4 5. Bg5 dxc4 6. a3 Bxc3+ 7. bxc3 b5 8. a4 c6 9. e4 h6 10. Bxf6 gxf6 11. Qb1 a6 12. Be2 Nd7 13. O-O Qb6 14. Rd1 Bb7 15. Qc1 Qc7 16. Qe3 Nb6 17. a5 Nd7 18. g3 O-O-O 19. Nh4 Qd6 20. Bh5 Qe7 21. Rab1 Rdf8 22. d5 exd5 23. Nf5 Qc5 24. Qf4 Ne5 25. exd5 cxd5 26. Re1 Re8 27. Nd4 Qc7 28. Qxf6 Kb8 29. Re3 Nd3 30. Nxb5 axb5 31. Rxb5 Rxe3 32. Qxh8+ Ka7 33.
fxe3 Ka6 34. Rb6+ Kxa5 35. Rb1 Qc5 36. Qd4 Qxd4 37. exd4 Bc6 38. Bxf7 Ka4 39. Rb6 Bb5 40.
Bxd5 Nc1 41. Bxc4 Bxc4 42. Rb4+ Ka3 43. Rxc4 Kb3 44. Rc6 Ne2+ 45. Kg2 Nxc3 46. Rxc3+ Kxc3 47. d5 1-0

[Event "*** SCC Grand Prix: Titled Tuesday Blitz"]
[Site "Chess.com"]
[Date "2020.06.02"]
[Round "5"]
[White "bulletteemo"]
[Black "JulAnt"]
[Result "0-1"]
[WhiteElo "2549"]
[BlackElo "2413"]
[TimeControl "180+1"]
[EndTime "10:58:21 PDT"]
[Termination "JulAnt won by resignation"]

1. e4 c5 2. Nf3 e6 3. c3 d5 4. e5 d4 5. Bd3 Nc6 6. O-O Nge7 7. Re1 Ng6 8. Na3 Be7 9. Bb5 O-O 10.
d3 dxc3 11. bxc3 Qc7 12. d4 cxd4 13. cxd4 Rd8 14. Bb2 a6 15. Bxc6 Qxc6 16. Rc1 Qe8 17. Nc4 Bd7 18. Nb6 Rab8 19. d5 exd5 20. Qxd5 Be6 21. Qe4 Bxa2 22. h4 Nf8 23. Rc7 Ne6 24. Rc2 Nc5 25. Qg4 Be6 26. Qg3 Nd3 27. Rf1 Nxb2 28.
Rxb2 Qc6 29. Ng5 Bxg5 30. Qxg5 h6 31. Qe3 Qe8 32. Rc1 Qe7 33. h5 Qh4 34. Qf3 Qd4 35. Qe3 Qxb2 0-1

[Event "*** SCC Grand Prix: Titled Tuesday Blitz"]
[Site "Chess.com"]
[Date "2020.06.02"]
[Round "5"]
[White "HrvojeZagreb"]
[Black "GMCarbone"]
[Result "0-1"]
[WhiteElo "2109"]
[BlackElo "2335"]
[TimeControl "180+1"]
[EndTime "10:58:21 PDT"]
[Termination "GMCarbone won on time"]

1. d4 Nf6 2. Bf4 c5 3. e3 Qb6 4. Na3 cxd4 5. exd4 Nc6 6. Nf3 d6 7. Nc4 Qc7 8. a4 g6 9. Bd3 Bg7 10. h3 O-O 11. c3 Be6 12. Ne3 Nd5 13. Nxd5 Bxd5 14.
O-O Rac8 15. Re1 Rfe8 16. Bh2 Na5 17. Be4 Qc6 18. Qe2 Bxe4 19. Qxe4 Nc4 20. Ra2 Qb6 21. Qc2 Na5 22. Qd3 Qb3 23. Qb1 a6 24. Nd2 Qb6 25.
b4 Nc4 26. Nxc4 Rxc4 27. Re3 d5 28. Rae2 e6 29. Qb3 Rec8 30. Bf4 Qc6 31. b5 Qb6 32. Rd3 Qa5 33. Bd2 axb5 34. axb5 b6 35. Kf1 Ra8 36. Be1 Qa1 37. g4 Bh6 38. Kg2 Bf4 39. Kf3 Ra3 0-1

[Event "*** SCC Grand Prix: Titled Tuesday Blitz"]
[Site "Chess.com"]
[Date "2020.06.02"]
[Round "5"]
[White "zaur-mammadov"]
[Black "Zkid"]
[Result "1-0"]
[WhiteElo "2604"]
[BlackElo "2754"]
[TimeControl "180+1"]
[EndTime "10:58:25 PDT"]
[Termination "zaur-mammadov won by resignation"]

1. e4 e6 2. d4 d5 3. e5 c5 4. c3 Nc6 5. Nf3 Bd7 6. Na3 cxd4 7.
cxd4 Nge7 8. Nc2 Nf5 9. Bd3 Nh4 10. O-O Be7 11. Nxh4 Bxh4 12. Qg4 g6 13. Bh6 Be7 14.
Rac1 Qb6 15. b4 Nxb4 16. Rb1 Qa5 17. Bd2 Qxa2 18. Bxb4 Bxb4 19. Rxb4 Qa5 20. Rxb7 Bc6 21. Rb3 O-O 22. Ra1 Qc7 23. Ne3 a5 24. Qh4 a4 25.
Rc3 Kg7 26. Qf6+ Kg8 27. Ng4 h5 28. Nh6+ Kh7 29. Nxf7 Qxf7 30. Qxf7+ Rxf7 31. Rxc6 Rf4 32. Rxe6 Rxd4 33. Bxg6+ Kg7 34. Bxh5 a3 35. Rb6 Rd2 36. g4 a2 37. g5 Rf8 38. Rf6 Rb8 39. Bg6 Re2 40.
h4 Rbb2 41. h5 Rxe5 42. h6+ Kg8 43. h7+ Kg7 44. Rf7+ Kxg6 45. h8=Q Rb1+ 46. Kg2 Rxg5+ 47. Kf3 Kxf7 48. Rxa2 Rb7 49. Ra6 Rf5+ 50. Kg4 Rxf2 51. Qh7+ Ke8 1-0

[Event "*** SCC Grand Prix: Titled Tuesday Blitz"]
[Site "Chess.com"]
[Date "2020.06.02"]
[Round "5"]
[White "DvaHrasta"]
[Black "Dmitry_Konenkin"]
[Result "1-0"]
[WhiteElo "2482"]
[BlackElo "2303"]
[TimeControl "180+1"]
[EndTime "10:58:25 PDT"]
[Termination "DvaHrasta won on time"]

1. c4 d6 2. g3 f5 3. Bg2 Nf6 4. Nc3 g6 5. d3 Bg7 6. e4 Nc6 7. h4 Be6 8. Nd5 Qd7 9. Ne2 O-O-O 10. Rb1 Rhf8 11. b4 Ne5 12. b5 fxe4 13. dxe4 Kb8 14. Qa4 Nfg4 15. f4 Nd3+ 16. Kd2 Nc5 17. Qc2 Bg8 18. h5 e6 19. Nb4 Ka8 20. a4 d5 21. cxd5 exd5 22. Qxc5 dxe4+ 23. Kc2 Qe6 24. Nc3 Nf2 25. Be3 b6 26. Qc6+ Qxc6 27. Nxc6 Nxh1 28.
Nxd8 Nxg3 29. Nc6 Bc4 30. Rd1 Bd3+ 31. Rxd3 exd3+ 32. Kxd3 Kb7 33. a5 Kc8 34. a6 Rd8+ 35.
Nxd8 Kxd8 36. Nd5 gxh5 37. Bh3 h4 38. Nb4 Nh5 39. Nc6+ Ke8 40. Nxa7 1-0

[Event "*** SCC Grand Prix: Titled Tuesday Blitz"]
[Site "Chess.com"]
[Date "2020.06.02"]
[Round "5"]
[White "Chess_Boxer123"]
[Black "Onischuk_V"]
[Result "1-0"]
[WhiteElo "2713"]
[BlackElo "2903"]
[TimeControl "180+1"]
[EndTime "10:58:26 PDT"]
[Termination "Chess_Boxer123 won by resignation"]

1. d4 d6 2. e4 Nf6 3. Nc3 g6 4. Nf3 Bg7 5. Be2 O-O 6. O-O a6 7. a4 Nc6 8. d5 Nb4 9. a5 e5 10.
h3 Bd7 11. Be3 c6 12. Bb6 Qe7 13. Ra4 c5 14. Ra3 Bh6 15. Nd2 Bb5 16. Nxb5 axb5 17. c3 Na6 18. Bxb5 Bxd2 19. Qxd2 Nxe4 20. Qe3 f5 21. f3 Nf6 22. f4 e4 23. Rd1 Kf7 24.
Raa1 h6 25. Rac1 Rfc8 26. Rb1 Nh5 27. Be2 Qh4 28. Bxh5 Qxh5 29. Rdc1 g5 30. b4 gxf4 31. Qxf4 Qg5 32. Qxd6 cxb4 33. Qe6+ Kf8 34. Rf1 1-0

[Event "*** SCC Grand Prix: Titled Tuesday Blitz"]
[Site "Chess.com"]
[Date "2020.06.02"]
[Round "5"]
[White "carlesdc96"]
[Black "tvjosue"]
[Result "0-1"]
[WhiteElo "2749"]
[BlackElo "2598"]
[TimeControl "180+1"]
[EndTime "10:58:26 PDT"]
[Termination "tvjosue won by checkmate"]

1. e4 c5 2. Nf3 Nc6 3. d4 cxd4 4.
Nxd4 Qb6 5. Nb3 Nf6 6. Nc3 e6 7. a3 Qc7 8. Be3 a6 9. Qe2 b5 10. O-O-O b4 11. axb4 Bxb4 12. Na2 a5 13. f3 O-O 14. g4 d5 15. g5 Nd7 16. exd5 exd5 17. Nd4 Nce5 18. c3 Nc4 19. Bf2 Bd6 20. Qc2 Nc5 21.
Kb1 Rb8 22. Bxc4 dxc4 23. Bg3 Nd3 24. Bxd6 Qxd6 25. Rxd3 cxd3 26. Qxd3 g6 27. Ka1 Re8 28. Qd2 Ba6 29. Nc1 a4 30. h4 Bc4 31. h5 Re7 32.
hxg6 fxg6 33. Qf2 Reb7 34. Qh2 Qb6 35. Na2 Qxb2+ 36. Qxb2 Rxb2 37. Nb4 a3 38. Re1 Rg2 39. Nbc6 Rbb2 40. Re8+ Kf7 41. Re7+ Kf8 42. Re1 Ra2+ 43. Kb1 Rgb2+ 44. Kc1 Ra1# 0-1

[Event "*** SCC Grand Prix: Titled Tuesday Blitz"]
[Site "Chess.com"]
[Date "2020.06.02"]
[Round "5"]
[White "manmanlai1"]
[Black "murtas73"]
[Result "0-1"]
[WhiteElo "2375"]
[BlackElo "2674"]
[TimeControl "180+1"]
[EndTime "10:58:26 PDT"]
[Termination "murtas73 won on time"]

1. e4 e6 2. d4 d5 3. Nc3 Bb4 4. e5 c5 5. a3 Ba5 6. b4 cxd4 7. Nce2 Bc7 8. f4 f6 9. Nf3 Nc6 10. Nexd4 Nh6 11. Nxc6 bxc6 12. Bb2 O-O 13. Bd3 fxe5 14. Bxe5 Bxe5 15. fxe5 Qb6 16. Qe2 a5 17. Qf2 Qxf2+ 18. Kxf2 Ng4+ 19. Ke2 Ba6 20. Rhc1 Nh6 21. c4 axb4 22.
axb4 dxc4 23. Be4 Bb5 24. Kd2 Nf7 25. Kc3 g5 26. h3 h5 27. Nd4 Nxe5 28. Nxe6 Rxa1 29.
Rxa1 Rf2 30. Nxg5 Re2 31. Kd4 Nd3 32. Bf3 Re7 33. Ne4 Nxb4 34. Ra8+ Kg7 35. Nd6 Rd7 36. Ke5 Nd3+ 37. Kf5 Rxd6 38. Ra7+ Kf8 39. Bxh5 Rd5+ 0-1

[Event "*** SCC Grand Prix: Titled Tuesday Blitz"]
[Site "Chess.com"]
[Date "2020.06.02"]
[Round "5"]
[White "wonderfultime"]
[Black "Quaternitychess"]
[Result "1-0"]
[WhiteElo "2992"]
[BlackElo "2821"]
[TimeControl "180+1"]
[EndTime "10:58:27 PDT"]
[Termination "wonderfultime won by checkmate"]

1. d4 d5 2. Nf3 Bf5 3. Bf4 e6 4. e3 Bd6 5. Bg3 Nf6 6. Bd3 Ne4 7. O-O Nxg3 8. hxg3 Bg4 9. c4 c6 10. Nc3 Nd7 11.
Qb3 Rb8 12. e4 dxc4 13. Bxc4 O-O 14. Be2 a6 15. Rac1 c5 16. Rfd1 b5 17. e5 c4 18.
Qc2 Bc7 19. Ne4 Nb6 20. b3 Bf5 21. bxc4 Nxc4 22. Bxc4 bxc4 23. Nh4 Bxe4 24. Qxe4 Qd5 25. Qe2 Rb4 26. Nf3 Rc8 27. a3 Ra4 28. Qc2 Qc6 29.
Ng5 g6 30. Ne4 Kg7 31. Nc5 Rxa3 32. Qxc4 Qb6 33. Nd7 Qb5 34. Qc6 Rd8 35. Qxb5 axb5 36.
Rxc7 b4 37. Nc5 Kh6 38. Rxf7 b3 39. Rb7 b2 40. Rxb2 Rxg3 41. fxg3 Rxd4 42. Rxd4 Kg5 43. Rf4 h5 44. Nxe6+ Kh6 45. Rb8 g5 46. Rf6+ Kh7 47. Rb7+ Kg8 48. Rf8# 1-0

[Event "*** SCC Grand Prix: Titled Tuesday Blitz"]
[Site "Chess.com"]
[Date "2020.06.02"]
[Round "5"]
[White "BilodeauA"]
[Black "seorobert1971"]
[Result "1-0"]
[WhiteElo "2895"]
[BlackElo "2642"]
[TimeControl "180+1"]
[EndTime "10:58:27 PDT"]
[Termination "BilodeauA won by resignation"]

1. e4 e5 2. Nf3 Nf6 3. Nxe5 d6 4. Nf3 Nxe4 5. Nc3 Nf6 6. d4 d5 7. Bd3 Bd6 8. h3 O-O 9. O-O h6 10. Ne2 c6 11. c3 Qc7 12. Be3 Nbd7 13. Qc2 Re8 14.
Rae1 Nf8 15. Nd2 Bd7 16. c4 dxc4 17. Nxc4 Be6 18. Nxd6 Qxd6 19. Bf4 Qd7 20. Be5 Nd5 21. a3 a6 22. Nc3 Nxc3 23. bxc3 b5 24. Re3 f6 25.
Bf4 Bd5 26. Rfe1 Rxe3 27. fxe3 Re8 28. e4 Bf7 29. e5 fxe5 30. Bxe5 Qe6 31. Bf5 Qb3 32.
Qd3 Bd5 33. Qg3 Re7 34. Kh2 Qb2 35. Rf1 Rf7 36. Rf4 Qxa3 37. Bd3 Qe7 38. Rh4 Qg5 39. Rg4 Qe7 40. h4 a5 41. h5 a4 42.
Bd6 Qf6 43. Bg6 Nxg6 44. hxg6 Rd7 45. Bc5 Qf5 46. Qb8+ 1-0

[Event "*** SCC Grand Prix: Titled Tuesday Blitz"]
[Site "Chess.com"]
[Date "2020.06.02"]
[Round "5"]
[White "Superfelix"]
[Black "Iljushin_Alexey"]
[Result "1/2-1/2"]
[WhiteElo "2499"]
[BlackElo "2659"]
[TimeControl "180+1"]
[EndTime "10:58:27 PDT"]
[Termination "Game drawn by agreement"]

1. e4 c6 2. Nc3 d5 3. Qe2 d4 4.
Nd1 c5 5. d3 Nc6 6. f4 e5 7. Nf3 Bd6 8. g3 Nge7 9. Bg2 f6 10.
O-O Be6 11. Nf2 Qd7 12. f5 Bf7 13. g4 g5 14. fxg6 hxg6 15. h4 Be6 16. Bh3 O-O-O 17. Bd2 Kb8 18. Kh2 Rh7 19. Rg1 Rdh8 20. Rg3 Rxh4 21.
Nxh4 Rxh4 22. Qf3 f5 23. gxf5 gxf5 24. Kg1 f4 25. Bxe6 Qxe6 26. Rg4 Rh8 27. Kg2 a5 28. Rh1 Rxh1 29. Kxh1 Qxa2 30. Bc1 Qb1 31. Qd1 Nb4 32. Rh4 Qxc2 33. Qxc2 Nxc2 34. Rh6 Kc7 35. Kg2 a4 36. Kf1 b5 37. Ke2 c4 38. Ng4 cxd3+ 39. Kxd3 Nb4+ 40. Ke2 Nbc6 41. Bd2 b4 42. Kd3 a3 43.
bxa3 bxa3 44. Kc4 Nc8 45. Nf6 Nb6+ 46. Kb3 Be7 47. Nd5+ Nxd5 48. exd5 Nd8 49. d6+ Bxd6 50. Ba5+ Kd7 51. Bxd8 f3 52. Bh4 e4 53. Rf6 Be5 54. Rf7+ Ke6 55. Re7+ Kf5 56. Kxa3 e3 57. Kb3 f2 58. Rf7+ Ke4 59. Bxf2 exf2 60. Rxf2 d3 1/2-1/2

[Event "*** SCC Grand Prix: Titled Tuesday Blitz"]
[Site "Chess.com"]
[Date "2020.06.02"]
[Round "5"]
[White "DrRiebert"]
[Black "korbul"]
[Result "0-1"]
[WhiteElo "2300"]
[BlackElo "2478"]
[TimeControl "180+1"]
[EndTime "10:58:27 PDT"]
[Termination "korbul won by resignation"]

1. e4 c5 2. Nf3 e6 3. d4 cxd4 4. Nxd4 Nf6 5. Nc3 d6 6. g4 a6 7. Nb3 b5 8. a3 Bb7 9. Bg2 Qc7 10. Be3 Nc6 11. g5 Nd7 12. f4 Be7 13. Qe2 O-O 14. O-O-O b4 15. axb4 Nxb4 16. f5 Ne5 17. f6 gxf6 18.
gxf6 Bxf6 19. Bh6 Rfc8 20. Rhf1 Qe7 21. Qh5 Kh8 22. Nd4 Rg8 23. Bh3 Bg5+ 24. Bxg5 Qxg5+ 25. Qxg5 Rxg5 26. Nf3 Rh5 27. Nxe5 dxe5 28. Rxf7 Rxh3 29. Rxb7 Nc6 30. Na4 Nd4 31. c3 Ne2+ 32. Kb1 Rf8 33. Nc5 Nf4 34. Rd2 a5 35. Re7 Re3 36. Nd7 Ng6 37.
Rxe6 Rf1+ 38. Ka2 Kg7 39. Re7+ Nxe7 40. Nxe5 Ng6 41. Nc6 0-1

[Event "*** SCC Grand Prix: Titled Tuesday Blitz"]
[Site "Chess.com"]
[Date "2020.06.02"]
[Round "5"]
[White "GM_LOADING"]
[Black "Perecke"]
[Result "1-0"]
[WhiteElo "2454"]
[BlackElo "2191"]
[TimeControl "180+1"]
[EndTime "10:58:27 PDT"]
[Termination "GM_LOADING won on time"]

1. e4 c5 2. Nf3 e6 3. d4 cxd4 4.
Nxd4 Nc6 5. Nc3 a6 6. Nxc6 bxc6 7. Bd3 d5 8. O-O Nf6 9. Qf3 Be7 10. Qg3 O-O 11. Bh6 Ne8 12. Bd2 Bh4 13. Qf3 d4 14. Ne2 e5 15. Qh5 g6 16. Qh6 Ng7 17. f4 exf4 18.
Qxf4 Be6 19. Bb4 Bg5 20. Qf3 Re8 21. Bc5 Qd7 22. Nxd4 Bg4 23. Qf2 Ne6 24. Nxe6 fxe6 25.
Be3 Rf8 26. Qg3 Bxe3+ 27. Qxe3 e5 28. Qc5 Qc7 29. Bc4+ Kg7 30. h3 Bd7 31. Rad1 Rxf1+ 32. Rxf1 1-0

[Event "*** SCC Grand Prix: Titled Tuesday Blitz"]
[Site "Chess.com"]
[Date "2020.06.02"]
[Round "5"]
[White "MIJUAREZ"]
[Black "SCIM"]
[Result "1/2-1/2"]
[WhiteElo "2356"]
[BlackElo "2497"]
[TimeControl "180+1"]
[EndTime "10:58:28 PDT"]
[Termination "Game drawn by repetition"]

1. e4 c5 2. Nf3 e6 3. d4 cxd4 4. Nxd4 Nc6 5. Nc3 Qc7 6. g3 a6 7. Bg2 Nf6 8. O-O Nxd4 9. Qxd4 Bc5 10. Bf4 d6 11. Qd2 h6 12. Na4 e5 13. Nxc5 exf4 14. Nb3 fxg3 15. hxg3 Be6 16. Rad1 Rd8 17. Nd4 O-O 18. b3 b5 19. Qf4 Qc5 20. Rd2 Qe5 21. Qe3 Ng4 22. Qf4 Qh5 23. Rfd1 g5 24. Qf3 Qh2+ 25.
Kf1 Ne5 26. Qf6 Bh3 27. Bxh3 Qh1+ 28. Ke2 Qxe4+ 29. Kf1 Qh1+ 30. Ke2 Qxh3 31. Nf5 Qh5+ 32. Kf1 Qh1+ 33. Ke2 Qe4+ 34. Kf1 Qh1+ 35. Ke2 Qh5+ 36. Kf1 Qh3+ 37. Ke2 Qh5+ 1/2-1/2

[Event "*** SCC Grand Prix: Titled Tuesday Blitz"]
[Site "Chess.com"]
[Date "2020.06.02"]
[Round "5"]
[White "Grieve72"]
[Black "anastasiyakarlovych"]
[Result "0-1"]
[WhiteElo "2342"]
[BlackElo "1949"]
[TimeControl "180+1"]
[EndTime "10:58:29 PDT"]
[Termination "anastasiyakarlovych won on time"]

1. e4 e5 2. Nf3 Nc6 3. Bc4 Bc5 4. O-O Nf6 5. d3 a6 6. a4 Ba7 7. c3 d6 8. Bg5 h6 9. Bh4 g5 10. Bg3 Rg8 11. Qb3 Qe7 12. Nbd2 h5 13. h4 Nh7 14.
hxg5 Na5 15. Qc2 Nxg5 16. Bh4 Nxc4 17. dxc4 f6 18. Qd3 Qg7 19. g3 Nh3+ 20. Kh2 Nxf2 21. Qe2 Ng4+ 22. Kh1 Ne3 23. Rfc1 Qg4 24. Ng1 Qg6 25.
Nf1 Bg4 26. Qd3 Nxf1 27. Rxf1 O-O-O 28. Rxf6 Qg7 29. Raf1 Bxg1 30. Kxg1 Bh3 31. R1f2 Qg4 0-1

[Event "*** SCC Grand Prix: Titled Tuesday Blitz"]
[Site "Chess.com"]
[Date "2020.06.02"]
[Round "5"]
[White "ARMQUEEN"]
[Black "bmt011"]
[Result "0-1"]
[WhiteElo "2314"]
[BlackElo "2092"]
[TimeControl "180+1"]
[EndTime "10:58:29 PDT"]
[Termination "bmt011 won by resignation"]

1. e4 e6 2. d4 d5 3. Bd3 c5 4.
exd5 exd5 5. dxc5 Nf6 6. Ne2 Bxc5 7. O-O O-O 8. Ng3 Bg4 9. Qd2 h6 10. Nc3 Nc6 11. h3 Be6 12. Qf4 Bd6 13. Qf3 Ne5 14.
Qd1 Nxd3 15. Qxd3 Qb6 16. Nf5 Be5 17. Kh1 Rac8 18. Bd2 Bxf5 19. Qxf5 Bxc3 20. bxc3 Qe6 21.
Qf3 Ne4 22. Be3 Rxc3 23. Rab1 b6 24. Qe2 Rfc8 25. Rb2 d4 26. Qf3 dxe3 27. fxe3 Ng5 28. Qf4 Rxc2 29. Rb5 Nxh3 30. Qf5 Qxf5 31. Rbxf5 Ng5 32.
Re5 Rxa2 33. Re7 Rcc2 34. Rg1 Nh3 35. Re8+ Kh7 36. Re7 Nxg1 37. Kxg1 Rxg2+ 38. Kf1 Raf2+ 39. Ke1 Ra2 40. Kf1 Rgf2+ 41. Ke1 Rh2 0-1

[Event "*** SCC Grand Prix: Titled Tuesday Blitz"]
[Site "Chess.com"]
[Date "2020.06.02"]
[Round "5"]
[White "PauloFanha"]
[Black "tylityli"]
[Result "0-1"]
[WhiteElo "1960"]
[BlackElo "2282"]
[TimeControl "180+1"]
[EndTime "10:58:29 PDT"]
[Termination "tylityli won on time"]

1. e4 e5 2. Bc4 Nf6 3. d4 exd4 4. Nf3 Bb4+ 5. c3 dxc3 6. O-O d5 7. exd5 O-O 8.
Nxc3 Bf5 9. Qb3 a5 10. a3 Bd6 11.
Bg5 Nbd7 12. Rfe1 h6 13. Bh4 Nc5 14. Qd1 a4 15. Nd4 Bg6 16. Qf3 Ncd7 17. Nf5 Ne5 18. Nxh6+ Kh7 19. Qh3 gxh6 20. Bg5 h5 21. Qh4 Nxc4 22.
Bxf6 Qd7 23. Qxc4 Qf5 24. Qd4 Rfe8 25. Rxe8 Rxe8 26. Rf1 Qf4 27. Qxf4 Bxf4 28. Bd4 Bd3 29. Rd1 b5 30. g3 Bc2 0-1

[Event "*** SCC Grand Prix: Titled Tuesday Blitz"]
[Site "Chess.com"]
[Date "2020.06.02"]
[Round "5"]
[White "larisakalinina"]
[Black "GMJustin"]
[Result "1-0"]
[WhiteElo "1979"]
[BlackElo "2274"]
[TimeControl "180+1"]
[EndTime "10:58:30 PDT"]
[Termination "larisakalinina won on time"]

1. e4 e5 2. Nf3 Nc6 3. d4 exd4 4. Nxd4 Nxd4 5. Qxd4 Qf6 6. Qe3 Qb6 7. Nc3 Qxe3+ 8.
Bxe3 c6 9. O-O-O Nf6 10. f3 Bb4 11. Bd4 O-O 12. a3 Be7 13. e5 Ne8 14. f4 d5 15.
exd6 Nxd6 16. Bd3 Nf5 17. Bf2 Bd6 18. g3 Bc7 19. Rhe1 Be6 20. Ne4 b6 21. Ng5 Bc8 22. Be4 h6 23. Bxc6 Rb8 24. Ne4 Be6 25. Bd7 Rfd8 26. Bxe6 fxe6 27. Nc3 Kf7 28. Rxd8 Rxd8 29.
Nb5 Bb8 30. Rd1 Rxd1+ 31. Kxd1 a6 32. Nd4 b5 33. Nc6 Bc7 34. Ke2 g5 35. g4 Nd6 36.
fxg5 hxg5 37. Bg3 Ne8 38. Bxc7 Nxc7 39. Kd3 Kf6 40. Ke4 Nd5 41. Nd4 Nf4 42. Nc6 Ne2 43.
Nb8 a5 44. Nc6 a4 45. Na7 Nc1 46. Nxb5 1-0

[Event "*** SCC Grand Prix: Titled Tuesday Blitz"]
[Site "Chess.com"]
[Date "2020.06.02"]
[Round "5"]
[White "attack2mateU"]
[Black "MPGM"]
[Result "1-0"]
[WhiteElo "2720"]
[BlackElo "2537"]
[TimeControl "180+1"]
[EndTime "10:58:31 PDT"]
[Termination "attack2mateU won by resignation"]

1. e4 c6 2. Nc3 d5 3. Nf3 Bg4 4. h3 Bh5 5. exd5 cxd5 6. Bb5+ Nc6 7. g4 Bg6 8. Ne5 Rc8 9. d4 e6 10. Qe2 Be7 11. Bf4 Qb6 12. h4 Qxd4 13. Nxc6 bxc6 14. Be5 Qb4 15. Ba6 Bf6 16. Bxc8 Bxe5 17. Qxe5 Nf6 18. O-O-O O-O 19. h5 Nxg4 20. Qd4 Qxd4 21. Rxd4 Bf5 22. Ba6 Nxf2 23. Rg1 c5 24. Rh4 c4 25. Rf1 Ne4 26. Nxe4 Bxe4 27. Bxc4 Rc8 28. Bb3 g5 29. hxg6 hxg6 30. Kd2 Kg7 31. c4 d4 32. Rxe4 1-0

[Event "*** SCC Grand Prix: Titled Tuesday Blitz"]
[Site "Chess.com"]
[Date "2020.06.02"]
[Round "5"]
[White "kushagramohan"]
[Black "blitzking1729"]
[Result "1-0"]
[WhiteElo "2648"]
[BlackElo "2465"]
[TimeControl "180+1"]
[EndTime "10:58:31 PDT"]
[Termination "kushagramohan won on time"]

1. e4 d6 2. d4 Nf6 3. Nc3 e5 4. Nf3 exd4 5. Nxd4 Be7 6. Bf4 O-O 7.
Qd2 Nc6 8. O-O-O Nxd4 9. Qxd4 Be6 10. f3 Nd7 11. Nd5 Bg5 12. Kb1 Bxd5 13. exd5 Bxf4 14. Qxf4 Qf6 15. Qd2 a6 16. f4 Nc5 17. g3 Rfe8 18.
Bg2 Re7 19. Rhe1 Rae8 20. a3 Kf8 21. Bf3 Rxe1 22. Rxe1 Rxe1+ 23. Qxe1 Qe7 24. Qxe7+ Kxe7 25. b4 Na4 26. c4 Nb6 27. Be2 Nd7 28. Kc2 Nf6 29. Kd3 g6 30. Kd4 Ne8 31. a4 Ng7 32. g4 Ne8 33. a5 Kd7 34. c5 dxc5+ 35. bxc5 c6 36. d6 Ng7 37. Bc4 f6 38. Ke4 h5 39.
h3 hxg4 40. hxg4 Ne8 41. Bf7 Ng7 42. Bxg6 Kd8 43. Bf5 Ke8 44. g5 fxg5 45. fxg5 Kd8 46. Ke5 Nh5 47. Bg4 Ng7 48. g6 Ne8 49. Ke6 Ng7+ 50.
Kf7 Ne8 51. d7 1-0

[Event "*** SCC Grand Prix: Titled Tuesday Blitz"]
[Site "Chess.com"]
[Date "2020.06.02"]
[Round "5"]
[White "Fighter008"]
[Black "temus_galaktionov"]
[Result "0-1"]
[WhiteElo "2560"]
[BlackElo "2729"]
[TimeControl "180+1"]
[EndTime "10:58:32 PDT"]
[Termination "temus_galaktionov won on time"]

1. e4 c6 2. Nc3 g6 3. d4 Bg7 4. Be3 d6 5. Qd2 Nd7 6. O-O-O b5 7. h3 Ngf6 8. h4 b4 9. Nce2 Nxe4 10. Qxb4 Rb8 11.
Qa3 Qb6 12. h5 Qb7 13. Nc3 Nxc3 14. Qxc3 Nb6 15. b3 Nd5 16. Qa5 Nxe3 17. fxe3 Bh6 18.
Re1 Bg4 19. hxg6 hxg6 20. Kb1 Kd7 21. Nf3 Qb6 22. Qa4 a5 23. Bc4 Bxf3 24. gxf3 Bxe3 25.
Rxh8 Rxh8 26. Bxf7 Bxd4 27. Bxg6 Bf6 28. Qe4 Kc7 29.
Bf5 Qc5 30. Qd3 Rh5 31. Be4 Re5 32. Rd1 d5 33. Bf5 Re3 34. Qa6 Qc3 35. Qa7+ Kd6 36. Qd7+ Ke5 0-1